 Dungeon Crawl Stone Soup version 0.20-a0-1122-gb7cbeb9 (webtiles) character file.

114 Gorglomux the Poker (level 5, -12/41 HPs)
             Began as a Formicid Warper on May 14, 2017.
             Was a Follower of Cheibriados.
             Mangled by an orc warrior
             ... wielding a +0 short sword
              (16 damage)
             ... on level 3 of the Dungeon.
             The game lasted 00:04:03 (2230 turns).

Gorglomux the Poker (Formicid Warper)               Turns: 2230, Time: 00:04:04

Health: -12/41     AC:  3    Str: 22    XL:     5   Next: 18%
Magic:  6/8        EV: 12    Int: 16    God:    Cheibriados [*.....]
Gold:   109        SH:  0    Dex: 12    Spells: 6/8 levels left

rFire    . . .     SeeInvis +   a - +0 spear
rCold    . . .     Gourm    .   (no shield)
rNeg     . . .     Faith    .   b - +0 leather armour
rPois    .         Spirit   .   (helmet unavailable)
rElec    .         Reflect  .   (no cloak)
rCorr    .         Harm     .   (no gloves)
MR       .....                  (no boots)
Stlth    +.........             (no amulet)
Regen    0.2/turn               p - ring of wizardry {Wiz+, !d}
MPRegen  0.2/turn               (no ring)

@: mighty, flying, very slow
A: permanent stasis, dig shafts and tunnels, four strong arms, antennae 3
a: Dig, Shaft Self, Bend Time, Renounce Religion


You were on level 3 of the Dungeon.
You worshipped Cheibriados.
Cheibriados was aware of your devotion.
You were not hungry.

You visited 1 branch of the dungeon, and saw 3 of its levels.

You collected 109 gold pieces.

Inventory:

Hand Weapons
 a - a +0 spear (weapon)
Missiles
 e - 5 tomahawks of dispersal {=f}
Armour
 b - a +0 leather armour (worn)
Jewellery
 p - a ring of wizardry (left hand) {Wiz+, !d}
   (You found it on level 1 of the Dungeon)
Scrolls
 d - a scroll of blinking {!r}
 i - 3 scrolls of teleportation {unknown}
 k - 2 scrolls of fog {unknown}
 m - a scroll of recharging {unknown}
 n - 3 scrolls of remove curse {unknown}
 q - 4 scrolls of identify {unknown}
 r - a scroll of enchant armour {unknown}
 s - a scroll of magic mapping {unknown}
Potions
 h - a potion of might
Books
 c - a book of Spatial Translocations
Comestibles
 f - 5 bread rations {@e1@e1}
 l - a royal jelly
 o - 2 meat rations {@e2@e2}
 t - 5 chunks of flesh {@w0@w0}


   Skills:
 + Level 3.2 Fighting
 * Level 4.4 Polearms
 - Level 1.0 Throwing
 - Level 1.1 Armour
 - Level 1.7 Dodging
 - Level 2.1 Spellcasting
 - Level 2.6 Translocations


You had 6 spell levels left.
You knew the following spells:

 Your Spells              Type           Power        Failure   Level  Hunger
a - Shroud of Golubria    Chrm/Tloc      #.........   9%          2    ###....


Dungeon Overview and Level Annotations

Branches:
Dungeon (3/15)

Altars:
Cheibriados
Fedhas
Kikubaaqudgha
Vehumet


Innate Abilities, Weirdness & Mutations

You cannot be hasted, slowed, berserked, paralysed or teleported.
You can dig through walls and to a lower floor.
Your four strong arms can wield two-handed weapons with a shield.
You have a pair of large antennae on your head. (SInv)


Message History

The hobgoblin hits you with a club.
You take 1 damage, and have 32/41 hp.
You hit the orc.
You kill the orc!
Cheibriados thoroughly appreciates the change of pace.
Unknown command.
You hit the orc. The hobgoblin misses you. The orc hits you with a hand axe.
You take 2 damage, and have 30/41 hp.
Unknown command.
You barely miss the orc. The hobgoblin closely misses you.
The orc hits you but does no damage.
A quokka comes into view.
Unknown command.
You closely miss the orc. The hobgoblin completely misses you.
The orc hits you with a hand axe.
You take 4 damage, and have 26/41 hp.
You closely miss the orc. The hobgoblin misses you.
Unknown command.
You hit the orc. The orc closely misses you.
Unknown command.
You hit the orc.
You kill the orc!
Cheibriados appreciates the change of pace.
The hobgoblin hits you but does no damage.
Unknown command.
You hit the orc but do no damage. The orc barely misses you.
The hobgoblin hits you with a club.
You take 3 damage, and have 24/41 hp.
You are too injured to fight recklessly!
You are too injured to fight recklessly!
Unknown command.
You are too injured to fight recklessly!
You closely miss the orc. The orc hits you with a club.
The hobgoblin misses you.
You take 4 damage, and have 20/41 hp.
You hit the orc. The orc barely misses you. The hobgoblin hits you with a club.
You take 1 damage, and have 19/41 hp.
You hit the orc. The orc closely misses you.
You hit the orc.
You kill the orc!
Cheibriados thoroughly appreciates the change of pace.
The hobgoblin hits you with a club.
You take 4 damage, and have 15/41 hp.
The hobgoblin misses you.
Items here: ))) [ †† a club; a leather armour; a hand axe; a flail; an orc corpse x2
You hit the hobgoblin.
You kill the hobgoblin!
Cheibriados appreciates the change of pace.
You hit the quokka but do no damage.
The quokka bites you but does no damage.
You hit the quokka but do no damage. The quokka misses you.
You barely miss the quokka.
The quokka bites you but does no damage.
The quokka barely misses you.
You barely miss the quokka. The quokka closely misses you.
You closely miss the quokka. The quokka bites you.
* * * LOW HITPOINT WARNING * * *
You take 4 damage, and have 12/41 hp.
You hit the quokka but do no damage. The quokka closely misses you.
You hit the quokka. The quokka closely misses you.
You hit the quokka.
You kill the quokka!
Cheibriados thoroughly appreciates the change of pace.
You see here a club.
There isn't anything to butcher here.
Items here: ))) [ †† a club; a leather armour; a hand axe; a flail; an orc corpse x2
You butcher the orc corpse.
t - 7 chunks of flesh {@w0@w0} (gained 4)
Items here: ))) [ ÷ † a club; a leather armour; a hand axe; a flail; an orc skeleton; an orc corpse You butcher the orc corpse.
t - 8 chunks of flesh {@w0@w0} (gained 1)
Items here: ))) [ ÷ a club; a leather armour; a hand axe; a flail; an orc skeleton There isn't anything to butcher here.
You start resting.
Some of the chunks of flesh in your inventory have rotted away.
You sense a monster nearby.
You regained 8 hp, and now have 21/41 hp.
An orc warrior comes into view. It is wielding a short sword.
You see here a club.
Okay, then.
Space distorts slightly along a thin shroud covering your body.
You now have 6/8 mp.
You feel very mighty all of a sudden.
It was a potion of flight.
You feel very buoyant.
You fly up into the air.
The orc warrior hits you with a short sword!!
* * * LOW HITPOINT WARNING * * *
Your shroud falls apart!
You take 17 damage, and have 4/41 hp.
MASSIVE DAMAGE!!
You puncture the orc warrior! You hit the orc warrior.
You hit the orc warrior but do no damage.
The orc warrior hits you with a short sword!
You die...

###.# #.... #.#.# ## #.
#.#.# .# .# #.##.#.# #.#
.## #.##.#.# #.###..#
#.##.#.# #.##.# #
#.##.#.# #.#)## .#
#.#....# ###.##@##..####
.......####.....o........
.................##..####
.......####.#.##.# .#
.)....## #.#.##.# #
......# #.#....# {
.#...## #.###### { .#...#
#.. { .+...# #..


You could see an orc warrior.

Vanquished Creatures
  Terence (D:3)
  An adder (D:2)
  2 oozes
  A worm (D:2)
  2 dart slugs
  A leopard gecko (D:1)
  3 orcs (D:3)
  5 giant cockroaches
  5 hobgoblins
  5 jackals
  8 kobolds
  A quokka (D:3)
  A ball python (D:1)
  4 bats
  5 frilled lizards
  7 goblins
  8 rats
60 creatures vanquished.

Notes
Turn   | Place    | Note
-------+----------+-------------------------------------------
     0 | D:1      | Gorglomux the Formicid Warper began the quest for the Orb.
     0 | D:1      | Reached XP level 1. HP: 16/16 MP: 3/3
    19 | D:1      | Gorglomux: meant t play fowr of chei anyway
   150 | D:1      | Reached XP level 2. HP: 23/23 MP: 5/5
   353 | D:1      | Reached skill level 3 in Polearms
   353 | D:1      | Reached XP level 3. HP: 27/28 MP: 6/6
   587 | D:1      | Learned a level 2 spell: Shroud of Golubria
  1203 | D:2      | Found a radiant altar of Vehumet.
  1249 | D:2      | Found a snail-covered altar of Cheibriados.
  1260 | D:2      | Reached XP level 4. HP: 32/34 MP: 2/7
  1366 | D:2      | Became a worshipper of Cheibriados the Contemplative
  1407 | D:2      | Found an ancient bone altar of Kikubaaqudgha.
  1411 | D:2      | Found a blossoming altar of Fedhas.
  1471 | D:2      | Reached skill level 4 in Polearms
  1836 | D:3      | Noticed Terence
  1863 | D:3      | Killed Terence
  1863 | D:3      | Reached skill level 3 in Fighting
  1863 | D:3      | Reached XP level 5. HP: 16/41 MP: 8/8
  2025 | D:3      | Reached * piety under Cheibriados
  2224 | D:3      | Noticed an orc warrior
  2225 | D:3      | Gorglomux: WHAT
  2227 | D:3      | HP: 4/41 [orc warrior/short sword (18)]
  2230 | D:3      | Mangled by an orc warrior

Vault maps used:
D:1:      tarquinn_simple_flora_water_d, serial_glass, glass_columns_b,
          glass_columns_b, minmay_tetromino_s2
D:2:      grunt_temple_overflow_growth_and_decay, overflow_temple_1_default,
          kennysheep_slug_shrine, first_bread, item_on_display_a
D:3:      uniq_terence

Skill      XL: |  1  2  3  4 |
---------------+-------------+-----
Polearms       | 3 4 |  4.4
Fighting       | 3 |  3.2
Throwing       | |  1.0
Armour         | |  1.1
Dodging        | |  1.7
Spellcasting   | |  2.1
Translocations | |  2.6

Action                   |  1- 3 |  4- 6 || total
-------------------------+-------+-------++-------
Melee: Spear             |   137 |   131 ||   268
 Cast: Shroud of Golubri |     8 |     8 ||    16
 Abil: Dig               |     2 |     3 ||     5
  Use: Potion            |       |     4 ||     4
  Eat: Chunk             |     2 |     4 ||     6
Armor: Leather armour    |    17 |    23 ||    40
Dodge: Dodged            |    65 |    67 ||   132

Vault maps used:
D:1:      tarquinn_simple_flora_water_d, serial_glass, glass_columns_b,
          glass_columns_b, minmay_tetromino_s2
D:2:      grunt_temple_overflow_growth_and_decay, overflow_temple_1_default,
          kennysheep_slug_shrine, first_bread, item_on_display_a
D:3:      uniq_terence

Table legend:
 A = Turns spent in this place as a percentage of turns spent in the entire game.
 B = Non-inter-level travel turns spent in this place as a percentage of non-inter-level travel turns spent in the entire game.
 C = Inter-level travel turns spent in this place as a percentage of turns spent in this place.
 D = Turns resting spent in this place as a percentage of non-inter-level travel turns spent in this place.
 E = Turns spent auto-exploring this place as a percentage of non-inter-level travel turns spent in this place.
 F = Non-inter-level travel turns spent in this place divided by the number of levels of this place that you've seen.
                   A       B       C       D       E      F
               +-------+-------+-------+-------+-------+----------------------
         Total | 100.0 | 100.0 |   0.3 |   1.9 |  10.7 | 342.3
       Dungeon | 100.0 | 100.0 |   0.3 |   1.9 |  10.7 | 342.3
               +-------+-------+-------+-------+-------+----------------------

Table legend:
 A = Kills in this place as a percentage of kills in entire the game.
 B = Kills by you in this place as a percentage of kills by you in the entire game.
 C = Kills by friends in this place as a percentage of kills by friends in the entire game.
 D = Other kills in this place as a percentage of other kills in the entire game.
 E = Experience gained in this place as a percentage of experience gained in the entire game.
 F = Experience gained in this place divided by the number of levels of this place that you have seen.
                   A       B       C       D       E      F
               +-------+-------+-------+-------+-------+----------------------
         Total | 100.0 | 100.0 |  -nan |  -nan | 100.0 |  54.3
       Dungeon | 100.0 | 100.0 |  -nan |  -nan | 100.0 |  54.3
               +-------+-------+-------+-------+-------+----------------------
